 Dungeon Crawl Stone Soup version 0.17.1-3-g152610e (webtiles) character file.

184896 inmateoo the Scorcher (level 17, -15/100 HPs)
             Began as a Deep Elf Fire Elementalist on Feb 24, 2016.
             Was the Champion of Vehumet.
             Killed from afar by a shock serpent (16 damage)
             ... with a bolt of electricity
             ... on level 4 of the Snake Pit.
             The game lasted 01:50:36 (36809 turns).

inmateoo the Scorcher (Deep Elf Fire Elementalist) Turns: 36809, Time: 01:50:37

Health: -15/100    AC: 29    Str:  9    XL:     17   Next: 79%
Magic:  29/33      EV: 21    Int: 35    God:    Vehumet [******]
Gold:   1952       SH:  0    Dex: 17    Spells: 10 memorised, 4 levels left

rFire  + . .     SeeInvis .     F - +1 eveningstar "Brilliance" {holy, rN+ AC+5 Int+5}
rCold  . . .     Clarity  .     K - +3 troll leather armour
rNeg   + . .     SustAt   .     (no shield)
rPois  +         Gourm    .     y - +0 helmet
rElec  .         Spirit   .     I - +2 cloak
rCorr  .         Warding  .     m - +2 pair of gloves
rMut   +         Rnd*Tele +     h - +2 pair of boots {run}
MR     +....                    r - amulet "Beulest" {rMut Int+4}
Stlth  ++........               J - ring of poison resistance
                                z - ring of protection from fire

@: delayed fireball, glowing, repel missiles, quick, somewhat resistant to
hostile enchantments, unstealthy
A: iridescent scales 1, molten scales 1, slimy green scales 1, agile 1, breathe
flames 1, clever 1, low mp 1, teleportitis 1, MP-powered wands
a: Renounce Religion, Breathe Fire, Release Delayed Fireball


You were on level 4 of the Snake Pit.
You worshipped Vehumet.
Vehumet was exalted by your worship.
You were not hungry.

You visited 4 branches of the dungeon, and saw 31 of its levels.
You visited 1 bazaar.
You also visited: Labyrinth, Ice Cave and Volcano.

You collected 4080 gold pieces.
You spent 2128 gold pieces at shops.

Inventory:

Hand Weapons
 F - the +1 eveningstar "Brilliance" (weapon) {holy, rN+ AC+5 Int+5}
   (You found it on level 5 of the Dungeon)

   It has been blessed by the Shining One to cause great damage to the undead
   and demons.
   It affects your AC (+5).
   It affects your intelligence (+5).
   It protects you from negative energy.
Armour
 h - a +2 pair of boots of running (worn)
 m - a +2 pair of gloves (worn)
 y - a +0 helmet (worn)
 I - a +2 cloak (worn)
 K - a +3 troll leather armour (worn)
Magical Staves
 W - an uncursed staff of conjuration
Rods
 d - a +7 lightning rod (13/13)
   (You took it off a minotaur in a labyrinth)
 A - a +6 rod of the swarm (12/12)
   (You found it in a labyrinth)
Jewellery
 r - the amulet "Beulest" (around neck) {rMut Int+4}
   (You bought it in a shop on level 10 of the Dungeon)

   [amulet of resist mutation]

   It protects you from mutation.
   It affects your intelligence (+4).
 z - a ring of protection from fire (left hand)
 C - an uncursed ring of protection from magic
 J - a ring of poison resistance (right hand)
 Z - an uncursed ring of fire
Wands
 n - a wand of disintegration (18)
 q - a wand of lightning (3)
 E - a wand of teleportation (9)
 H - a wand of draining (10)
 L - a wand of frost (21)
Scrolls
 a - a scroll of holy word
 e - 6 scrolls of remove curse
 x - 4 scrolls of silence
 B - 3 scrolls of identify
 D - 5 scrolls of blinking
 G - 3 scrolls of fog
 N - a scroll of brand weapon
 R - 2 scrolls of amnesia
 T - a scroll of fear
 V - a scroll of recharging
Potions
 b - 2 potions of cure mutation
 f - 2 potions of magic
 i - 10 potions of curing
 j - 5 potions of ambrosia
 k - 8 potions of haste
 l - 3 potions of agility
 p - 4 potions of heal wounds
 s - a potion of might
 t - 3 potions of brilliance
 w - 5 potions of resistance
 S - 5 potions of berserk rage
 Y - a potion of invisibility
Miscellaneous
 P - a plain deck of changes {drawn: 3}
Comestibles
 c - 17 bread rations


   Skills:
 + Level 9.3 Fighting
 * Level 12.1 Maces & Flails
 + Level 13.5 Dodging
 - Level 13.0 Stealth
 + Level 14.3 Spellcasting
 + Level 12.6 Conjurations
 - Level 9.0 Charms
 + Level 15.0 Fire Magic
 + Level 6.0 Evocations


You had 4 spell levels left.
You knew the following spells:

 Your Spells              Type           Power        Failure   Level  Hunger
a - Flame Tongue          Conj/Fire      #####        0%          1    None
b - Fireball              Conj/Fire      #######...   1%          5    None
c - Conjure Flame         Conj/Fire      #######.     1%          3    None
d - Sticky Flame          Conj/Fire      #######.     1%          4    None
e - Repel Missiles        Chrm/Air       ######       1%          2    None
f - Irradiate             Conj/Trmt      ######....   1%          5    None
g - Orb of Destruction    Conj           #######...   3%          7    ####...
h - Ring of Flames        Chrm/Fire      #######...   14%         7    ####...
i - Delayed Fireball      Conj/Fire      N/A          2%          7    ####...
j - Passage of Golubria   Tloc           N/A          24%         4    None


Dungeon Overview and Level Annotations

Branches:
Dungeon (15/15)            Temple (0/1) D:5            Lair (8/8) D:8
  Swamp (0/4) Lair:6        Snake (4/4) Lair:4        Slime (0/6) Lair:8
    Orc (4/4) D:12            Elf (0/3) Orc:4        Vaults (0/5) D:13
 Depths (0/5) D:15

Altars:
Cheibriados
Dithmenos
Fedhas
Kikubaaqudgha
Makhleb
Nemelex Xobeh
Okawaru
Ru
Sif Muna
Trog
Vehumet
Xom
The Shining One
Beogh
Jiyva

Shops:
D:6 [?   D:10 =   D:13 (   D:15 :   Orc:2 *   Orc:4 [(**   Snake:2 =

Portals:
Hell: Lair:8


Innate Abilities, Weirdness & Mutations

You are partially covered in iridescent scales (AC +4).
You are partially covered in molten scales (AC +1).
You are partially covered in slimy green scales (AC +2).
You are agile. (Dex +2)
You can breathe flames.
Your mind is acute. (Int +2)
Your magical capacity is low (-10% MP).
You are occasionally teleported next to monsters.
You expend magic power (3 MP) to strengthen your wands.


Message History

The lindwurm closely misses you.
You puncture the lindwurm!
The lindwurm is moderately wounded.
The lindwurm burns!
The shock serpent shoots out a bolt of lightning at you!
The bolt of electricity hits you!
You puncture the lindwurm!
The lindwurm is severely wounded.
The lindwurm burns!
The shock serpent shoots out a bolt of lightning at you!
The bolt of electricity hits you!
* * * LOW HITPOINT WARNING * * *
The lindwurm bites you!
* * * LOW HITPOINT WARNING * * *
The lindwurm claws you.
* * * LOW HITPOINT WARNING * * *
The lindwurm barely misses you.
The shock serpent shoots out a bolt of lightning at you!
The bolt of electricity hits you!
You die...

....##§(([§§..##......####'###...
../##.(.≈≈.§[..##.....##.#.†.##..
..##..§≈≈≈≈§§...##....#.#...#.#..
..#...§≈≈≈≈§≈....#....#.#...#.#..
.####'#≈≈§≈§≈#[####...#.#)♣.#.#..
.#......§§≈≈......#...#.#...#.##.
.#.)(....≈≈...†...#...#.#.).#.##.
##.[[....≈≈.).....#...##†....###.
##[.....§≈≈≈....@.#....##+#.###..
##[[.[.≈≈≈≈≈≈...k.#..##.....%....
##..§§§≈≈≈≈§§≈≈≈§.#######.....###
#...≈≈§≈≈≈§§≈≈≈≈§§S## ##....##..
.[.≈§§########≈§§...####...)%#...
(≈≈≈###......###§≈≈..##......#...
≈≈≈##,.........##≈§§..##..)..#...
≈≈##,,..........##§§≈..##....#.)#
≈##,,,,*****#....##≈§≈..##...#...


You could see a shock serpent and a lindwurm (burning).

Vanquished Creatures
  The ghost of MrTails the Severer, an adept DsBe of Trog (Lair:8)
  5 greater nagas
  Aizul (Snake:3)
  Nessos (Volcano)
  2 dire elephants (Lair:8)
  A minotaur (Lab)
  2 blizzard demons (IceCv)
  2 ettins (Orc:4)
  5 hydras
  22 naga warriors
  13 anacondas
  An ogre mage (D:15)
  2 dancing weapons
  A tengu warrior (D:14)
  11 death yaks
  15 naga sharpshooters
  3 orc high priests (Orc:4)
  9 shock serpents
  A sun demon (Lair:8)
  5 ice devils (IceCv)
  6 salamander mystics
  An unseen horror (D:14)
  11 naga ritualists
  An orange crystal statue (D:14)
  8 hill giants
  A cyclops (Orc:3)
  3 lindwurms (Snake:4)
  A wolf spider (D:15)
  2 wizards
  An oklob plant (Lair:8)
  A griffon (Lair:6)
  A manticore (D:15)
  A sixfirhy (Lair:8)
  9 orc knights
  8 ugly things
  19 mana vipers
  4 orc sorcerers (Orc:4)
  5 elephants
  5 slime creatures
  12 salamanders
  22 naga magi
  32 black mambas
  An ice statue (Snake:2)
  2 orange demons (Lair:8)
  A smoke demon (Lair:8)
  A torpor snail (Lair:6)
  9 guardian serpents
  2 anaconda simulacra (IceCv)
  A kobold demonologist (D:15)
  14 spiny frogs
  2 centaur skeletons
  6 komodo dragons
  2 yaktaurs (Volcano)
  A wolf spider simulacrum (D:15)
  7 trolls
  4 blue devils (Lair:8)
  A red devil (Lair:8)
  4 two-headed ogres
  5 fire drakes
  7 freezing wraiths (IceCv)
  A polar bear (Lair:5)
  3 golden dragon simulacra (IceCv)
  17 blink frogs
  A vampire (D:15)
  A water elemental (D:15)
  A dire elephant simulacrum (IceCv)
  2 wyverns
  A deep elf mage (D:10)
  2 fire bats (Lair:8)
  A fire elemental (Lair:8)
  3 shadows
  A deep elf fighter (D:11)
  A wraith (D:12)
  51 yaks
  4 basilisks
  Grum (D:8)
  A hungry ghost (D:11)
  9 hippogriffs
  41 nagas
  16 wolves
  2 iron troll simulacra (IceCv)
  A harpy simulacrum (IceCv)
  2 wargs
  5 hydra simulacra (IceCv)
  18 water moccasins
  3 hell hounds (Lair:8)
  2 wasps
  6 porcupines
  2 necrophages
  An ettin simulacrum (IceCv)
  The ghost of AnFair the Sneak, an amateur FeTm (D:4)
  2 black bears (D:9)
  43 orc warriors
  A phantom (D:12)
  3 sky beasts
  8 centaurs
  14 ogres
  13 crocodiles
  2 big kobolds
  A wyvern skeleton (D:14)
  29 giant frogs
  12 killer bees
  3 scorpions
  An electric eel (Lair:7)
  10 wights
  An elephant simulacrum (IceCv)
  5 crimson imps
  2 centaur zombies
  42 orc wizards
  4 draconian simulacra (IceCv)
  Ijyb (D:3)
  5 hounds
  3 jellies
  32 orc priests
  6 worker ants
  A giant frog skeleton (D:5)
  20 iguanas
  A troll simulacrum (IceCv)
  A killer bee zombie (D:7)
  22 sheep
  A hound zombie (D:11)
  A wolf simulacrum (IceCv)
  4 centaur simulacra (IceCv)
  Robin (D:3)
  7 gnolls (D:5)
  14 adders
  2 ogre simulacra (IceCv)
  3 naga simulacra (IceCv)
  56 river rats
  4 shadow imps
  5 white imps (IceCv)
  An ufetubus (IceCv)
  An ooze (D:2)
  An adder skeleton (D:8)
  4 adder zombies
  3 worms
  2 giant geckos
  193 orcs
  2 ball pythons
  9 goblins
  8 hobgoblins
  11 jackals
  3 quokkas
  11 bats
  6 giant cockroaches
  A giant gecko skeleton (D:5)
  4 giant newts
  A jackal skeleton (D:4)
  20 kobolds
  2 quokka skeletons (D:7)
  13 rats
  A fungus (Lair:5)
  3 plants
1214 creatures vanquished.

Vanquished Creatures (collateral kills)
  2 hydras (Lair:2)
  2 death yaks
  A hill giant (D:10)
  7 elephants
  A wolf (Lair:6)
  2 nagas
  2 orc warriors (D:10)
  A porcupine (Lair:2)
  A giant frog (D:10)
  An orc priest (D:10)
  4 orcs (D:10)
24 creatures vanquished.

Vanquished Creatures (others)
  An orc wizard (Orc:4)
  An ufetubus (IceCv)
  3 orcs (Orc:4)
  15 fungi
  19 plants
39 creatures vanquished.

Grand Total: 1277 creatures vanquished

Notes
Turn   | Place    | Note
--------------------------------------------------------------
     0 | D:1      | inmateoo the Deep Elf Fire Elementalist began the quest for the Orb.
     0 | D:1      | Reached XP level 1. HP: 10/10 MP: 6/6
   237 | D:1      | Reached XP level 2. HP: 15/15 MP: 4/8
   623 | D:2      | Found a sparkling altar of Nemelex Xobeh.
   694 | D:2      | Reached XP level 3. HP: 19/19 MP: 0/9
   699 | D:2      | Learned a level 3 spell: Inner Flame
   783 | D:2      | Reached skill level 4 in Fire Magic
  1104 | D:2      | Found a glowing golden altar of the Shining One.
  1460 | D:2      | Found a blossoming altar of Fedhas.
  1476 | D:2      | Reached XP level 4. HP: 13/24 MP: 5/11
  1485 | D:2      | Learned a level 4 spell: Sticky Flame
  1548 | D:2      | Found a bloodstained altar of Trog.
  1561 | D:2      | Found a shimmering altar of Xom.
  1689 | D:3      | Found a radiant altar of Vehumet.
  1730 | D:3      | Became a worshipper of Vehumet
  1950 | D:3      | Noticed Ijyb
  1960 | D:3      | Killed Ijyb
  2139 | D:3      | Noticed Robin
  2243 | D:3      | Killed Robin
  2243 | D:3      | Reached XP level 5. HP: 28/28 MP: 7/13
  2328 | D:3      | Learned a level 3 spell: Conjure Flame
  2415 | D:2      | Gained mutation: Your mind is acute. (Int +2) [potion of mutation]
  2415 | D:2      | Gained mutation: You expend magic power (3 MP) to strengthen your wands. [potion of mutation]
  2469 | D:4      | Noticed AnFair's ghost (amateur FeTm)
  2474 | D:4      | Killed AnFair's ghost
  2474 | D:4      | Reached skill level 5 in Fire Magic
  2522 | D:4      | Noticed an ogre
  2529 | D:4      | Killed an ogre
  2529 | D:4      | Reached XP level 6. HP: 32/32 MP: 4/14
  2574 | D:4      | Noticed an ogre
  2615 | D:4      | Killed an ogre
  2817 | D:4      | Reached * piety under Vehumet
  2817 | D:4      | Offered knowledge of Freeze by Vehumet.
  2825 | D:4      | Reached skill level 5 in Spellcasting
  2828 | D:4      | Learned a level 1 spell: Freeze
  2945 | D:4      | Noticed an ogre
  2952 | D:4      | Killed an ogre
  2952 | D:4      | Reached XP level 7. HP: 22/36 MP: 5/16
  3224 | D:5      | Entered Level 5 of the Dungeon
  3227 | D:5      | Reached skill level 5 in Stealth
  3287 | D:5      | Reached skill level 6 in Fire Magic
  3541 | D:5      | Found a staircase to the Ecumenical Temple.
  3870 | D:5      | Offered knowledge of Magic Dart by Vehumet.
  3934 | D:5      | Reached ** piety under Vehumet
  3934 | D:5      | Reached skill level 1 in Maces & Flails
  3939 | D:5      | Reached XP level 8. HP: 41/41 MP: 3/18
  3994 | D:5      | Found a snail-covered altar of Cheibriados.
  4296 | D:6      | Reached skill level 7 in Fire Magic
  4303 | D:6      | Reached skill level 1 in Fighting
  4310 | D:6      | Gained mutation: You can breathe flames. [potion of beneficial mutation]
  4569 | D:6      | Found Punecubu's Armour Boutique.
  4614 | D:6      | Gained mutation: You are partially covered in slimy green scales (AC +2). [mutagenic meat]
  4615 | D:6      | Gained mutation: You are occasionally teleported next to monsters. [mutagenic meat]
  4616 | D:6      | Gained mutation: You are partially covered in icy blue scales (AC +1). [mutagenic meat]
  4673 | D:6      | Reached skill level 5 in Dodging
  4781 | D:6      | Offered knowledge of Stone Arrow by Vehumet.
  4925 | D:6      | Found Qutogg's Magic Scroll Shop.
  4931 | D:6      | Bought a scroll of identify for 26 gold pieces
  4931 | D:6      | Bought a scroll of enchant armour for 97 gold pieces
  4986 | D:7      | Learned a level 5 spell: Fireball
  5077 | D:7      | Gained mutation: You are partially covered in iridescent scales (AC +4). [mutagenic meat]
  5137 | D:7      | Reached *** piety under Vehumet
  5137 | D:7      | Reached XP level 9. HP: 47/47 MP: 20/20
  5201 | D:7      | Found a shadowy altar of Dithmenos.
  5257 | D:7      | Reached skill level 5 in Conjurations
  5468 | D:7      | Found a deep blue altar of Sif Muna.
  5509 | D:7      | Reached skill level 8 in Fire Magic
  5774 | D:8      | Found a staircase to the Lair.
  5786 | D:7      | Offered knowledge of Force Lance by Vehumet.
  6082 | D:8      | Found an iron altar of Okawaru.
  6124 | D:8      | Noticed Grum
  6142 | D:8      | Killed Grum
  6193 | D:8      | Found an ancient bone altar of Kikubaaqudgha.
  6398 | D:8      | Reached **** piety under Vehumet
  6441 | D:9      | Reached skill level 9 in Fire Magic
  6543 | D:9      | Reached XP level 10. HP: 54/54 MP: 14/22
  6560 | D:9      | Noticed a centaur skeleton
  6572 | D:9      | Killed a centaur skeleton
  6668 | D:9      | Offered knowledge of Irradiate by Vehumet.
  6679 | D:9      | Learned a level 5 spell: Irradiate
  7066 | D:10     | Entered Level 10 of the Dungeon
  7159 | D:10     | Noticed a hill giant
  7160 | D:10     | Noticed a purple ugly thing
  7163 | D:10     | Noticed a purple ugly thing
  7168 | D:10     | Killed a hill giant
  7449 | D:10     | Found Tani's Jewellery Boutique.
  7915 | D:11     | Reached skill level 5 in Maces & Flails
  7941 | D:11     | Reached skill level 10 in Fire Magic
  8024 | D:11     | Noticed a hill giant
  8041 | D:11     | Killed a hill giant
  8041 | D:11     | Reached ***** piety under Vehumet
  8041 | D:11     | Reached XP level 11. HP: 58/60 MP: 0/25
  8047 | D:11     | Offered knowledge of Conjure Ball Lightning by Vehumet.
  8770 | D:11     | Noticed a green ugly thing
  8775 | D:11     | Killed a green ugly thing
  8812 | D:11     | Gained mutation: You are agile. (Dex +2) [mutagenic meat]
  8984 | D:12     | Noticed a hill giant
  9672 | D:12     | Found a staircase to the Orcish Mines.
  9722 | D:12     | Reached skill level 11 in Fire Magic
  9954 | D:12     | Killed a hill giant
 10242 | D:13     | Offered knowledge of Lightning Bolt by Vehumet.
 10405 | D:13     | Reached XP level 12. HP: 67/67 MP: 25/27
 10416 | D:13     | Found an iron altar of Okawaru.
 10450 | D:13     | Noticed a hill giant
 10453 | D:13     | Killed a hill giant
 10473 | D:13     | Noticed an enchanted long sword
 10474 | D:13     | Found a gate to the Vaults.
 10475 | D:13     | Noticed an enchanted long sword
 10573 | D:12     | Killed an enchanted long sword
 10718 | Orc:1    | Entered Level 1 of the Orcish Mines
 10888 | Orc:1    | Found a bloodstained altar of Trog.
 11578 | Orc:2    | Found a dark tunnel.
 11583 | Volcano  | Entered a volcano
 11630 | Volcano  | Reached skill level 10 in Stealth
 11683 | Volcano  | Noticed Nessos
 11684 | Volcano  | Offered knowledge of Ozocubu's Refrigeration by Vehumet.
 11686 | Volcano  | Killed Nessos
 12310 | Orc:2    | Found Tokei's Assorted Antiques.
 12338 | Orc:2    | Bought a potion of curing for 81 gold pieces
 12338 | Orc:2    | Bought a lead wand for 108 gold pieces
 12731 | D:10     | Bought the amulet "Beulest" {rMut Int+4} for 775 gold pieces
 12877 | Lair:1   | Entered Level 1 of the Lair of Beasts
 12921 | Lair:1   | Reached skill level 5 in Fighting
 13598 | Lair:2   | Reached skill level 10 in Spellcasting
 13895 | Lair:2   | Noticed a seven-headed hydra
 13899 | Lair:2   | Noticed a four-headed hydra
 13907 | Lair:2   | Killed a seven-headed hydra
 13907 | Lair:2   | Reached skill level 12 in Fire Magic
 13916 | Lair:2   | Killed a four-headed hydra
 14250 | Lair:3   | Learned a level 7 spell: Orb of Destruction
 14411 | Lair:3   | Offered knowledge of Delayed Fireball by Vehumet.
 15217 | Lair:4   | Reached XP level 13. HP: 73/73 MP: 17/29
 15580 | Lair:4   | Reached skill level 10 in Dodging
 15693 | Lair:4   | Found a staircase to the Snake Pit.
 16523 | Lair:5   | Learned a level 7 spell: Ring of Flames
 16589 | Lair:5   | Reached skill level 1 in Charms
 16745 | Lair:5   | Offered knowledge of Bolt of Fire by Vehumet.
 16781 | Lair:5   | Reached ****** piety under Vehumet
 17650 | Lair:6   | Found a staircase to the Swamp.
 18032 | Lair:6   | Reached skill level 5 in Charms
 18114 | Lair:6   | Reached XP level 14. HP: 80/80 MP: 22/31
 18696 | Lair:7   | Offered knowledge of Poison Arrow by Vehumet.
 19124 | Lair:7   | Got a translucent mace
 19125 | Lair:7   | Identified the +11 mace "Orb Guardian's Curse" {venom, rPois rC+} (You found it on level 7 of the Lair of Beasts)
 19304 | Lair:8   | Entered Level 8 of the Lair of Beasts
 19647 | Lair:8   | Noticed MrTails's ghost (adept DsBe)
 20151 | Lair:8   | Found a viscous altar of Jiyva.
 20151 | Lair:8   | Found a staircase to the Slime Pits.
 20330 | Lair:8   | Reached skill level 13 in Fire Magic
 20357 | Lair:8   | Identified a scroll of acquirement
 20367 | Lair:8   | Identified a +2 pair of boots of running (You acquired it on level 8 of the Lair of Beasts)
 20626 | Lair:8   | Found a burning altar of Makhleb.
 20688 | Lair:8   | Reached skill level 10 in Conjurations
 20736 | Lair:8   | Found a gateway to Hell.
 20744 | Lair:8   | Got a smoking crystal amulet
 20748 | Lair:8   | Identified the amulet of Toomistrutast {Gourm *Contam rPois Dex+5 Stlth+} (You found it on level 8 of the Lair of Beasts)
 20823 | Lair:8   | Killed MrTails's ghost
 20968 | Lair:8   | Lost mutation: You are partially covered in icy blue scales (AC +1). [mutagenic glow]
 21396 | D:13     | Found Likoc's Weapon Shop.
 21458 | D:13     | Killed an enchanted long sword
 21461 | D:13     | Offered knowledge of Bolt of Cold by Vehumet.
 21877 | D:14     | Found a snail-covered altar of Cheibriados.
 21916 | D:14     | Found a labyrinth entrance.
 21952 | Lab      | Entered a labyrinth
 23124 | Lab      | Identified Iskenderun's Incunabulum of Igneous Arcane Weapons
 23124 | Lab      | Identified the Incunabulum of Damage Dealing
 23135 | D:14     | Identified a +6 rod of the swarm (12/12) (You found it in a labyrinth)
 23256 | D:14     | Found a runed door.
 23263 | D:14     | Found a runed door.
 23273 | D:14     | Found a runed door.
 23285 | D:14     | Found a runed door.
 23665 | D:14     | Reached XP level 15. HP: 86/86 MP: 12/32
 23963 | D:15     | Entered Level 15 of the Dungeon
 24067 | D:15     | Found Runn's Book Emporium.
 24626 | D:15     | Found a staircase to the Depths.
 25863 | Orc:3    | Found a runed door.
 25893 | Orc:3    | Offered knowledge of Glaciate by Vehumet.
 25893 | Orc:3    | Offered knowledge of Shatter by Vehumet.
 25893 | Orc:3    | Offered knowledge of Chain Lightning by Vehumet.
 25894 | Orc:3    | Found a roughly hewn altar of Beogh.
 26234 | Orc:3    | Found a roughly hewn altar of Beogh.
 26290 | Orc:4    | Entered Level 4 of the Orcish Mines
 26316 | Orc:4    | Reached skill level 10 in Maces & Flails
 26366 | Orc:4    | Found a flickering gateway to a bazaar.
 26390 | Bazaar   | Entered a bazaar
 26404 | Bazaar   | Found Pinkuett's Antique Armour Shoppe.
 26404 | Bazaar   | Found Asicimas's Antique Weapon Emporium.
 26410 | Bazaar   | Bought a dazzling leather armour for 119 gold pieces
 26421 | Bazaar   | Identified the +2 leather armour of Caithal {+Inv rF+ MP-9} (You bought it in a shop in a bazaar)
 26448 | Bazaar   | Found Matuib's Book Shoppe.
 26504 | Bazaar   | Bought a book of Minor Magic for 320 gold pieces
 26508 | Bazaar   | Learned a level 2 spell: Repel Missiles
 26517 | Bazaar   | Learned a level 7 spell: Delayed Fireball
 27237 | Orc:4    | Found Mef Ippesh's General Store.
 27237 | Orc:4    | Found Odelol's Assorted Antiques.
 27238 | Orc:4    | Found Ziukluh's Weapon Shoppe.
 27238 | Orc:4    | Found Guariad's Antique Armour Shoppe.
 27246 | Orc:4    | Bought a potion of haste for 280 gold pieces
 27246 | Orc:4    | Bought a scroll of identify for 56 gold pieces
 27246 | Orc:4    | Bought a glowing cloak for 126 gold pieces
 27246 | Orc:4    | Bought a small jade ring for 140 gold pieces
 27312 | Orc:4    | Found a staircase to the Elven Halls.
 27495 | Orc:4    | Found a roughly hewn altar of Beogh.
 28050 | Snake:1  | Entered Level 1 of the Snake Pit
 29049 | Snake:1  | Found a sacrificial altar of Ru.
 29934 | Snake:2  | Reached XP level 16. HP: 92/92 MP: 34/34
 29938 | Snake:2  | Found a frozen archway.
 29971 | IceCv    | Entered an ice cave
 30431 | IceCv    | Reached skill level 1 in Evocations
 30679 | IceCv    | Reached skill level 14 in Fire Magic
 31395 | Snake:2  | Found Vebossyg's Jewellery Shop.
 32477 | Snake:2  | Learned a level 4 spell: Passage of Golubria
 33518 | Snake:3  | Noticed Aizul
 33525 | Snake:3  | Killed Aizul
 34026 | Snake:4  | Entered Level 4 of the Snake Pit
 34182 | Snake:4  | Reached XP level 17. HP: 85/99 MP: 20/36
 35241 | Snake:4  | Reached skill level 5 in Evocations
 35408 | Snake:4  | Gained mutation: Your magical capacity is low (-10% MP). [mutagenic glow]
 35881 | Snake:4  | Gained mutation: You are partially covered in molten scales (AC +1). [mutagenic meat]
 36009 | Snake:4  | Reached skill level 15 in Fire Magic
 36179 | Snake:4  | Gained mutation: Your mind is very acute. (Int +4) [mutagenic meat]
 36180 | Snake:4  | Lost mutation: Your mind is very acute. (Int +4) [mutagenic meat]
 36809 | Snake:4  | HP: 4/100 [lindwurm (12)]
 36809 | Snake:4  | HP: 1/100 [lindwurm (3)]
 36809 | Snake:4  | Killed from afar by a shock serpent

Action                   |  1- 3 |  4- 6 |  7- 9 | 10-12 | 13-15 | 16-18 || total
-------------------------+-------+-------+-------+-------+-------+-------++-------
Melee: Dagger            |       |     1 |    10 |       |       |       ||    11
       Eveningstar       |       |       |   162 |   424 |   772 |   280 ||  1638
 Cast: Flame Tongue      |    70 |    75 |   155 |   443 |   246 |    77 ||  1066
       Sticky Flame      |       |     2 |    12 |    35 |   109 |    37 ||   195
       Conjure Flame     |       |     3 |     9 |    26 |    11 |     9 ||    58
       Freeze            |       |       |    13 |       |     3 |       ||    16
       Fireball          |       |       |     1 |    52 |   123 |   128 ||   304
       Irradiate         |       |       |       |     5 |    25 |     8 ||    38
       Orb of Destructio |       |       |       |       |    53 |    96 ||   149
       Ring of Flames    |       |       |       |       |     2 |     1 ||     3
       Repel Missiles    |       |       |       |       |     1 |     4 ||     5
       Delayed Fireball  |       |       |       |       |     1 |     1 ||     2
 Abil: Release Delayed F |       |       |       |       |       |     1 ||     1
Evoke: Deck              |       |       |     1 |     5 |    15 |     3 ||    24
       Wand              |       |       |       |     2 |       |     3 ||     5
       Rod               |       |       |       |       |     2 |     6 ||     8
  Use: Scroll            |     9 |     9 |     7 |    13 |    25 |     7 ||    70
       Potion            |       |     1 |     3 |       |     2 |     3 ||     9
 Stab: Sleeping          |       |       |    11 |    13 |     9 |     1 ||    34
       Distracted        |       |       |       |       |     4 |       ||     4
  Eat: Chunk             |     1 |     5 |    19 |    30 |    28 |    19 ||   102
       Royal jelly       |       |       |       |     1 |       |       ||     1
       Pizza             |       |       |       |     6 |     4 |       ||    10
       Beef jerky        |       |       |       |       |     5 |       ||     5
       Fruit             |       |       |       |       |     4 |     3 ||     7
       Meat ration       |       |       |       |       |     6 |     3 ||     9
       Bread ration      |       |       |       |       |       |     3 ||     3
